 Dungeon Crawl Stone Soup version 0.30-a0-311-gf115ab0292 (webtiles) character file.

Game seed: 12009763582624109693

2520 Zonian the Fighter (level 9, 0/70 HPs)
             Began as a Djinni Ice Elementalist on Oct 26, 2022.
             Slain by a boulder beetle (16 damage)
             ... on level 6 of the Dungeon.
             The game lasted 00:16:58 (7447 turns).

Zonian the Fighter (Djinni Ice Elementalist)        Turns: 7447, Time: 00:16:59

Health: 0/70       AC:  3    Str:  7    XL:     9   Next: 83%
Gold:   225        EV: 13    Int: 20    God:
                   SH:  5    Dex: 15

rFire   + + .      SeeInvis +    j - +1 dagger (venom)
rCold   x . .      Faith    .    (no shield)
rNeg    . . .      Spirit   .    a - +1 robe
rPois   ∞          Reflect  +    (no helmet)
rElec   .          Harm     .    (no cloak)
rCorr   .          Rampage  .    (no gloves)
Will    .....                    (boots unavailable)
Stlth   ++........               t - amulet of reflection
HPRegen 0.31/turn                l - ring of see invisible
MPRegen 0.00/turn                (no ring)

@: flying
A: sickness immunity, fire resistance 2, cold vulnerability 1, float, innate
caster, HP casting, extra vitality 1
a: no special abilities


You were on level 6 of the Dungeon.
You visited 1 branch of the dungeon, and saw 6 of its levels.

You collected 225 gold pieces.

Inventory:

Hand Weapons
 g - a +0 dagger
 j - a +1 dagger of venom (weapon)
Missiles
 e - 2 boomerangs of dispersal
 s - a throwing net
Armour
 a - a +1 robe (worn)
 r - a +0 helmet
Jewellery
 d - an amulet of faith
 l - a ring of see invisible (left hand)
 m - an amulet of regeneration
 t - an amulet of reflection (around neck)
Scrolls
 b - a scroll of fog
 k - 6 scrolls of torment
 o - a scroll of teleportation
Potions
 c - 2 potions of magic
 h - 2 potions of might
 i - a potion of haste
 n - a potion of lignification
 p - 2 potions of ambrosia
 q - 2 potions of flight


   Skills:
 + Level 8.1 Fighting
 - Level 3.8 Dodging
 - Level 3.0 Stealth
 + Level 7.5 Spellcasting


You had 2 spell levels left.
You knew the following spells:

 Your Spells              Type           Power      Damage    Failure   Level
a - Freeze                Ice            100%       1d10      1%          1
b - Frozen Ramparts       Ice            74%        1d12      1%          3
c - Ozocubu's Armour      Ice            37%        N/A       1%          3
d - Summon Ice Beast      Ice/Summ       37%        N/A       4%          4
e - Shock                 Conj/Air       100%       1d9       1%          1
f - Momentum Strike       Conj/Tloc      74%        3d10      1%          2
g - Dazzling Flash        Conj/Hex       74%        N/A       1%          3
h - Fulminant Prism       Conj/Hex       18%        3d11      4%          4
Your spell library was empty.

Dungeon Overview and Level Annotations

Branches:
Dungeon (6/15)
 Temple: D:4-7

Altars:
Makhleb
Uskayaw
Zin

Portals:
Abyss: D:3

Annotations:
D:3 2 transporters, tonyyikes's ghost, amateur DrAE
D:6 4 runed translucent doors


Innate Abilities, Weirdness & Mutations

You are immune to sickness and miasma.
You are immune to poison.
Your flesh is very heat resistant. (rF++)
You are vulnerable to cold. (rC-)
You float through the air rather than walking.
You learn spells naturally, not from books.
Your magical power is your life essence.
You have superior vitality. (+4 MHP)


Message History

Unknown command.
You hit the hound.
The hound is poisoned.
The hound is almost dead.
You kill the hound!
Unknown command.
You hit the boulder beetle but do no damage.
The boulder beetle is poisoned.
The boulder beetle is lightly wounded.
The wall freezes the boulder beetle but does no damage.
The boulder beetle barely misses you.
You hit the boulder beetle but do no damage.
The boulder beetle is lightly wounded.
The wall freezes the boulder beetle but does no damage.
The boulder beetle bites you!
You hit the boulder beetle.
The boulder beetle is lightly wounded.
The wall freezes the boulder beetle but does no damage.
The boulder beetle bites you!
You hit the boulder beetle but do no damage.
The boulder beetle looks as sick as possible!
The boulder beetle is lightly wounded.
The wall freezes the boulder beetle but does no damage.
The boulder beetle closely misses you.
You hit the boulder beetle but do no damage.
The boulder beetle looks as sick as possible!
The boulder beetle is lightly wounded.
The wall freezes the boulder beetle but does no damage.
The boulder beetle bites you but does no damage.
You hit the boulder beetle but do no damage.
The boulder beetle looks as sick as possible!
The boulder beetle is moderately wounded.
The wall freezes the boulder beetle.
The boulder beetle bites you!!
* * * LOW HITPOINT WARNING * * *
Unknown command.
Okay, then.
You hit the boulder beetle but do no damage.
The boulder beetle looks as sick as possible!
The boulder beetle is moderately wounded.
The frozen ramparts melt away.
The boulder beetle bites you!
You die...

#####
################...##
....................#
...######..######...#
..##.)).####..)B##..#
..#.###..##!##.#@#..#
..#†#.##.# #.B#.#..#
..#.##.#.# ..###†#..#
#.#.#.##)##)##.#.#..#
#.##...######.#.##..#
#..###'# #'###...#
.......######.....#.#
......##8).8##.###..#
...#..#8....8#.###.###


You could see a boulder beetle (extremely poisoned).

Vanquished Creatures
  Eustachio (D:5)
  3 water moccasins
  An orc warrior (D:6)
  2 ice beasts (D:6)
  A black bear (D:6)
  3 ogres
  2 phantoms
  A bullfrog (D:6)
  4 scorpions
  4 jellies
  A howler monkey (D:6)
  3 hounds (D:6)
  2 orc priests
  6 orc wizards
  2 iguanas
  4 gnolls
  7 adders
  A white imp (D:6)
  3 worms
  5 dart slugs
  32 orcs
  12 ball pythons
  A bat (D:2)
  11 endoplasms
  7 giant cockroaches
  5 goblins
  4 hobgoblins
  7 jackals
  2 quokkas
  2 frilled lizards
  12 kobolds
  4 rats
155 creatures vanquished.

Vanquished Creatures (collateral kills)
  An ice beast (D:6)
  3 jellies (D:6)
  A white imp (D:6)
5 creatures vanquished.

Grand Total: 160 creatures vanquished

Notes
Turn   | Place    | Note
-------+----------+-------------------------------------------
     0 | D:1      | Zonian the Djinni Ice Elementalist began the quest for the
                  | Orb.
     0 | D:1      | Zonian set off with the following spells memorised: Freeze,
                  | Frozen Ramparts, Ozocubu's Armour, Summon Ice Beast.
     0 | D:1      | Reached XP level 1. HP: 15/15 MP: 0/0
   171 | D:1      | Reached XP level 2. HP: 20/21 MP: 0/0
   331 | D:1      | Reached XP level 3. HP: 22/25 MP: 0/0
   331 | D:1      | Learned a level 1 spell: Shock
  1441 | D:2      | Reached XP level 4. HP: 23/31 MP: 0/0
  1858 | D:2      | Reached XP level 5. HP: 6/35 MP: 0/0
  1858 | D:2      | Learned a level 2 spell: Momentum Strike
  2678 | D:3      | Reached skill level 1 in Fighting
  2678 | D:3      | Reached XP level 6. HP: 39/42 MP: 0/0
  2744 | D:3      | Found a burning altar of Makhleb.
  2744 | D:3      | Noticed a cacodemon
  2748 | D:3      | Noticed a hellwing
  2748 | D:3      | Noticed an orange demon
  2875 | D:3      | Found a transporter.
  2878 | D:3      | Found a one-way gate to the infinite horrors of the Abyss.
  2878 | D:3      | Noticed an ancient zyme
  2889 | D:3      | Noticed a small abomination
  2909 | D:3      | Found a transporter.
  2909 | D:3      | Noticed a small abomination
  2911 | D:3      | Noticed tonyyikes's ghost (amateur DrAE)
  2987 | D:4      | Noticed a +0 falchion
  2988 | D:4      | Noticed a +0 dagger
  2990 | D:4      | Noticed a +0 spear
  2990 | D:4      | Noticed a +0 short sword
  2990 | D:4      | Noticed a +0 dagger
  2991 | D:4      | Noticed a +0 spear
  2991 | D:4      | Noticed a +0 falchion
  2993 | D:4      | Noticed a +0 short sword
  3071 | D:4      | Reached skill level 2 in Fighting
  3194 | D:4      | Found a hide-covered altar of Uskayaw.
  3250 | D:4      | Reached XP level 7. HP: 17/49 MP: 0/0
  3250 | D:4      | Learned a level 3 spell: Dazzling Flash
  3291 | D:4      | Reached skill level 3 in Fighting
  4013 | D:4      | Reached skill level 5 in Spellcasting
  4099 | D:5      | Entered Level 5 of the Dungeon
  4172 | D:5      | Reached skill level 4 in Fighting
  4339 | D:5      | Found a glowing silver altar of Zin.
  4469 | D:5      | Noticed Eustachio
  4477 | D:5      | Killed Eustachio
  4478 | D:5      | Reached XP level 8. HP: 31/58 MP: 0/0
  4535 | D:5      | Reached skill level 5 in Fighting
  5348 | D:5      | Reached skill level 6 in Fighting
  5629 | D:6      | HP: 2/61 [ogre/+0 giant spiked club (27)]
  5631 | D:6      | Reached XP level 9. HP: 4/66 MP: 0/0
  5631 | D:6      | Learned a level 4 spell: Fulminant Prism
  6269 | D:6      | Reached skill level 7 in Fighting
  6644 | D:6      | Found a large runed translucent door.
  6645 | D:6      | Found a large runed translucent door.
  6645 | D:6      | Noticed a troll
  6649 | D:6      | Found a large runed translucent door.
  6649 | D:6      | Found a large runed translucent door.
  6652 | D:6      | Noticed a skeletal warrior
  7425 | D:6      | Reached skill level 8 in Fighting
  7433 | D:6      | Noticed a boulder beetle
  7447 | D:6      | Slain by a boulder beetle

Illustrated notes

Levels and vault maps discovered:
D:1:      minmay_arrival_hallway, layout_basic
D:2:      layout_basic
D:3:      layout_loops_ring, makhleb_altar_promises_db,
          gammafunk_ghost_abyssal_escape
D:4:      layout_gridville, nicolae_uskayaw_en_pointe, enter_ossuary_5,
          st_stairs_1
D:5:      layout_basic, zin_statuary, uniq_eustachio
D:6:      layout_cave_pools, mainiacjoe_overflow_cross_hatched,
          minmay_hollow_rounded_squares

Skill      XL: |  1  2  3  4  5  6  7  8  9 |
---------------+----------------------------+-----
Stealth        | 2 3 |  3.0
Dodging        | 3 |  3.8
Spellcasting   | 4 5 6 7 |  7.5
Fighting       | 1 2 4 6 8 |  8.1

Action                   |  1- 3 |  4- 6 |  7- 9 || total
-------------------------+-------+-------+-------++-------
Melee: Unarmed           |     3 |       |       ||     3
       Dagger            |    31 |   115 |   190 ||   336
       Punch             |       |     4 |     5 ||     9
 Cast: Freeze            |    41 |    27 |    13 ||    81
       Shock             |       |    13 |    10 ||    23
       Frozen Ramparts   |       |     3 |    16 ||    19
       Summon Ice Beast  |       |       |     7 ||     7
       Ozocubu's Armour  |       |       |     2 ||     2
  Use: Potion            |       |     2 |     1 ||     3
       Scroll            |       |     6 |     9 ||    15
 Stab: Sleeping          |     2 |     3 |     4 ||     9
       Distracted        |       |       |     2 ||     2
Armor: Robe              |     8 |    15 |    29 ||    52
Dodge: Dodged            |    36 |    77 |   127 ||   240
Block: Other             |       |       |     7 ||     7

Table legend: (Time is in decaauts)
 A = Elapsed time spent in this place.
 B = Non-inter-level travel time spent in this place.
 C = Inter-level travel time spent in this place.
 D = Time resting spent in this place.
 E = Time spent auto-exploring this place.
 F = Levels seen in this place.
 G = Mean time per level.
                   A        B        C        D        E       F      G
               +--------+--------+--------+--------+--------+-----+--------+
         Total |   7448 |   7152 |    296 |   2401 |   3134 |   6 | 1241.3 |
       Dungeon |   7448 |   7152 |    296 |   2401 |   3134 |   6 | 1241.3 |
               +--------+--------+--------+--------+--------+-----+--------+

Top non-repeatable levels by time:
     D:5: 1859 daAuts
     D:6: 1490 daAuts
     D:1: 1243 daAuts
     D:4: 1152 daAuts
     D:2: 1004 daAuts
     D:3: 698 daAuts
